 Dungeon Crawl Stone Soup version 0.29-a0-298-g3c90f9a769 (webtiles) character file.

Game seed: 12896228656095669782

984 Dabor the Conjurer (level 7, 0/54 HPs)
             Began as a Deep Elf Conjurer on Mar 23, 2022.
             Succumbed to a water moccasin's poison
             ... on level 5 of the Dungeon.
             The game lasted 00:11:18 (5835 turns).

Dabor the Conjurer (Deep Elf Conjurer)              Turns: 5835, Time: 00:11:18

Health: 0/54       AC: 23    Str:  4    XL:     7   Next: 97%
Magic:  11/18      EV:  2    Int: 25    God:
Gold:   293        SH:  0    Dex: 13    Spells: 12/19 levels left

rFire   . . .      SeeInvis .   i - staff of cold
rCold   + . .      Faith    .   (no shield)
rNeg    . . .      Spirit   .   (body armour currently unavailable)
rPois   +          Reflect  .   (helmet currently unavailable)
rElec   .          Harm     .   (cloak currently unavailable)
rCorr   .          Rampage  .   (gloves currently unavailable)
Will    .....      NoTele   +   (boots currently unavailable)
Stlth   ++........              (no amulet)
HPRegen 0.18/turn               (no ring)
MPRegen 0.16/turn               (no ring)

@: lethally poisoned (0 -> -3), tree-form
A: stationary, stasis, torment immunity, boosted hp, (beak), (horns 1), (talons
1)
a: no special abilities


You were on level 5 of the Dungeon.
You were a tree.
You visited 1 branch of the dungeon, and saw 6 of its levels.

You collected 293 gold pieces.

Inventory:

Armour
 a - a +0 robe (melded)
 d - a +0 pair of boots (melded)
 j - an orb of guile
Magical Staves
 i - a staff of cold (weapon)
Wands
 b - a wand of iceblast (10)
 l - a wand of paralysis (16)
 n - a wand of flame (22)
 o - a wand of polymorph (9)
Scrolls
 c - a scroll of teleportation
 e - 2 scrolls of noise
 f - 2 scrolls of identify
 h - a scroll of vulnerability


   Skills:
 + Level 5.8 Dodging
 - Level 4.0 Stealth
 + Level 6.5 Spellcasting
 * Level 6.8 Conjurations
 - Level 4.0 Hexes
 - Level 2.0 Evocations


You had 12 spell levels left.
You knew the following spells:

 Your Spells              Type           Power      Damage    Failure   Level
a - Magic Dart            Conj           100%       1d8       1%          1
b - Searing Ray           Conj           84%        2d7       1%          2
c - Fulminant Prism       Conj/Hex       17%        3d11      8%          4

Your spell library contained the following spells:

 Spells                   Type           Power      Damage    Failure   Level
 Dazzling Flash           Conj/Hex       70%        N/A       2%          3
 Animate Skeleton         Necr           16%        N/A       7%          1
 Beastly Appendage        Tmut           16%        N/A       7%          1
 Pain                     Necr           32%        1d5       7%          1
 Wereblood                Tmut           8%         N/A       11%         2
 Iskenderun's Mystic Bla  Conj/Tloc      25%        2d7       17%         4
 Spider Form              Tmut/Pois      8%         N/A       22%         3
 Vampiric Draining        Necr           8%         2d6       22%         3


Dungeon Overview and Level Annotations

Branches:
Dungeon (6/15)
 Temple: D:4-7

Altars:

Shops:
D:1 !   D:4 :


Innate Abilities, Weirdness & Mutations

You are a tree.
Your roots penetrate the ground, keeping you stationary.
You cannot be teleported.
You are immune to unholy pain and torment.
Your maximum health is greatly increased.
Your equipment is partially melded.
((You have a beak for a mouth.))
((You have a pair of small horns on your head.))
((You have sharp toenails.))


Message History

You are lethally poisoned!
The water moccasin poisons you! The water moccasin barely misses you.
Casting: Searing Ray (safe; 1% risk of failure)
Confirm with . or Enter, or press ? or * to list all spells.
Aiming: Searing Ray (safe; 1% risk of failure)
Press: ? - help, Shift-Dir - straight line, f/p - water moccasin
Aim: a water moccasin (severely wounded, 70% to hit)
The searing ray hits the water moccasin!
The water moccasin is almost dead. (Press . to maintain the ray.)
* * * LOW HITPOINT WARNING * * *
You feel very sick. The water moccasin bites you.
* * * LOW HITPOINT WARNING * * *
The searing ray hits the water moccasin!
You kill the water moccasin!
* * * LOW HITPOINT WARNING * * *
You feel very sick.
Okay, then.
Okay, then.
It was a potion of lignification.
You turn into a tree.
Your +0 pair of boots melds into your body.
Your +0 robe melds into your body.
Your roots penetrate the ground.
* * * LOW HITPOINT WARNING * * *
You feel sick.
As you read the scroll of identify, it crumbles to dust.
c - a scroll of teleportation
* * * LOW HITPOINT WARNING * * *
You feel sick.
As you read the scroll of identify, it crumbles to dust.
h - a scroll of vulnerability
* * * LOW HITPOINT WARNING * * *
You feel sick.
As you read the scroll of identify, it crumbles to dust.
k - a scroll of magic mapping
* * * LOW HITPOINT WARNING * * *
You feel sick.
As you read the scroll of magic mapping, it crumbles to dust.
You feel aware of your surroundings.
You die...

,*,**,**,,,,,,,,**
,*,**,**,*,,,,...#
,,,,,,,,,,,,,,,..#
,,***>**,,,,,,,..#
,,* *,,,,,,,,,,..#
,,* ****,,,*,,,#.#
,,***
*,,,****#.######
,,,,* *,,,*
#.†....# ***,*
*,*,* ##♣##**,*
*,*
*,*,***#...##*,*
*,*
*,#.....###.##,*
*,****,####.#*
##.#,* ***,,,,,,*
#.* #.#,*
,,,,****** #.#*
##.#,* *****
*#.###.##.# *
*#...###.# ##.##
#.#


There were no monsters in sight!

Vanquished Creatures
  Grinder (D:4)
  A water moccasin (D:5)
  An ogre (D:5)
  A centaur (D:5)
  A necrophage (D:5)
  A scorpion (D:4)
  A hound (D:4)
  5 iguanas
  8 gnolls
  5 adders
  A shadow imp (D:5)
  A worm (D:2)
  A dart slug (D:1)
  19 orcs
  9 endoplasms
  3 giant cockroaches
  9 hobgoblins
  14 jackals
  3 quokkas
  13 ball pythons
  A bat (D:1)
  4 frilled lizards
  7 goblins
  6 kobolds
  10 rats
126 creatures vanquished.

Vanquished Creatures (others)
  3 plants (D:3)
3 creatures vanquished.

Grand Total: 129 creatures vanquished

Notes
Turn   | Place    | Note
-------+----------+-------------------------------------------
     0 | D:1      | Dabor the Deep Elf Conjurer began the quest for the Orb.
     0 | D:1      | Reached XP level 1. HP: 10/10 MP: 6/6
   182 | D:1      | Reached XP level 2. HP: 15/15 MP: 4/8
   841 | D:1      | Found Ygotrovi's Distillery.
  1126 | D:2      | Reached XP level 3. HP: 17/19 MP: 5/10
  1610 | D:2      | Reached XP level 4. HP: 24/24 MP: 9/11
  2120 | D:3      | Reached skill level 5 in Conjurations
  2230 | D:3      | Noticed Grinder
  2265 | D:3      | Paralysed by Grinder for 4 turns
  2378 | D:2      | Learned a level 2 spell: Searing Ray
  2383 | D:2      | Learned a level 4 spell: Fulminant Prism
  2527 | D:4      | Paralysed by Grinder for 2 turns
  2528 | D:4      | HP: 1/24 [Grinder (6)]
  2530 | D:4      | Gained mutation: You have a beak for a mouth. [potion of
                  | mutation]
  2530 | D:4      | Gained mutation: You have a pair of small horns on your
                  | head. [potion of mutation]
  2530 | D:4      | Gained mutation: You have sharp toenails. [potion of
                  | mutation]
  2538 | D:4      | HP: 1/24 [orc/+0 club (1)]
  2540 | D:4      | Paralysed by Grinder for 7 turns
  2548 | D:3      | HP: 1/24 [orc/+0 club (1)]
  3221 | D:4      | Reached XP level 5. HP: 28/28 MP: 8/13
  3317 | D:4      | Paralysed by Grinder for 2 turns
  3324 | D:4      | Paralysed by Grinder for 3 turns
  3330 | D:4      | Killed Grinder
  3331 | D:4      | Reached skill level 5 in Spellcasting
  3331 | D:4      | Reached skill level 1 in Evocations
  3331 | D:4      | Reached XP level 6. HP: 21/32 MP: 0/15
  3660 | D:4      | Found Oresch's Book Shoppe.
  4354 | D:4      | Reached XP level 7. HP: 36/36 MP: 3/17
  4774 | D:5      | Entered Level 5 of the Dungeon
  4818 | D:5      | Reached skill level 5 in Dodging
  5832 | D:5      | HP: 2/54 [poisoned by a water moccasin]
  5835 | D:5      | Succumbed to a water moccasin's poison

Illustrated notes

Levels and vault maps discovered:
D:1:      dpeg_arrival_three_bigger_balls, layout_basic, serial_shops,
          nicolae_shop_advertising_works [nicolae_subvault_shop_adworks],
          grunt_decor_clamped
D:2:      layout_rooms, minmay_tetromino_i2
D:3:      layout_rooms, serial_bayou_pond_a, uniq_grinder
D:4:      layout_basic, minmay_shop_grid_forest, minmay_starry_boxes
D:5:      layout_loops_ring, serial_park_tiny_pond
D:6:      layout_basic, minmay_temple_entry_offerings, gammafunk_ghost_grave,
          uniq_menkaure

Skill      XL: |  1  2  3  4  5  6  7 |
---------------+----------------------+-----
Stealth        | 3 4 |  4.0
Dodging        | 3 4 5 |  5.8
Spellcasting   | 4 5 6 |  6.5
Conjurations   | 5 6 |  6.8
Hexes          | 2 3 4 |  4.0
Evocations     | 1 2 |  2.0

Action                   |  1- 3 |  4- 6 |  7- 9 || total
-------------------------+-------+-------+-------++-------
Melee: Staff             |       |     2 |       ||     2
       Peck              |       |     1 |       ||     1
       Kick              |       |     1 |       ||     1
 Cast: Magic Dart        |    76 |   121 |    22 ||   219
       Searing Ray       |       |    18 |    13 ||    31
  Use: Potion            |       |     7 |     3 ||    10
       Scroll            |       |     3 |     6 ||     9
Armor: Robe              |       |     5 |     1 ||     6
Dodge: Dodged            |     1 |    18 |    16 ||    35

Table legend: (Time is in decaauts)
 A = Elapsed time spent in this place.
 B = Non-inter-level travel time spent in this place.
 C = Inter-level travel time spent in this place.
 D = Time resting spent in this place.
 E = Time spent auto-exploring this place.
 F = Levels seen in this place.
 G = Mean time per level.
                   A        B        C        D        E       F      G
               +--------+--------+--------+--------+--------+-----+--------+
         Total |   5838 |   5750 |     88 |    888 |   4139 |   6 |  973.0 |
       Dungeon |   5838 |   5750 |     88 |    888 |   4139 |   6 |  973.0 |
               +--------+--------+--------+--------+--------+-----+--------+

Top non-repeatable levels by time:
     D:4: 1579 daAuts
     D:1: 1290 daAuts
     D:2: 1172 daAuts
     D:3: 734 daAuts
     D:5: 719 daAuts
     D:6: 341 daAuts
